 Dungeon Crawl Stone Soup version 0.24-a0-778-g74da537585 (webtiles) character file.

Game seed: 310069365610575653, levelgen mode: deterministic

828 Erk the Slasher (level 7, -7/55 HPs)
             Began as a Demonspawn Gladiator on Oct 7, 2019.
             Was an Initiate of Ashenzari.
             Killed from afar by Ijyb (21 damage)
             ... with a bolt of acid
             ... on level 5 of the Dungeon.
             The game lasted 00:20:23 (4178 turns).

Erk the Slasher (Demonspawn Gladiator)              Turns: 4178, Time: 00:20:24

Health: -7/55      AC: 15    Str: 15    XL:     7   Next: 64%
Magic:  7/7        EV: 12    Int:  9    God:    Ashenzari [......]
Gold:   310        SH:  0    Dex: 16    Spells: 6/6 levels left

rFire    + . .     SeeInvis .   n - +2 short sword (protect) (curse)
rCold    . . .     Gourm    .   (no shield)
rNeg     . . .     Faith    .   u - +2 scale mail {rF+} (curse)
rPois    .         Spirit   .   i - +0 helmet (curse)
rElec    .         Reflect  .   (no cloak)
rCorr    .         Harm     .   (no gloves)
MR       +....                  (no boots)
Stlth    +.........             (no amulet)
HPRegen  0.18/turn              h - ring of protection from magic (curse)
MPRegen  0.10/turn              k - ring of flight (curse)

@: corroded, protection aura, studying Dodging
A: molten scales 2
a: Curse Item, Renounce Religion, Evoke Flight


You were on level 5 of the Dungeon.
You worshipped Ashenzari.
Ashenzari was noncommittal.
You were not hungry.

You visited 1 branch of the dungeon, and saw 6 of its levels.

You collected 310 gold pieces.

Inventory:

Hand Weapons
 a - a +0 long sword
 n - a cursed +2 short sword of protection (weapon)
 x - a +1 mace of protection
Missiles
 d - 3 throwing nets
 l - 41 poisoned darts (quivered)
Armour
 b - a +0 leather armour
 c - a +0 ring mail
 i - a cursed +0 helmet (worn)
 t - a +0 scale mail
 u - a cursed +2 scale mail of fire resistance (worn)
 F - a +0 chain mail of cold resistance
Jewellery
 h - a cursed ring of protection from magic (left hand)
 k - a cursed ring of flight (right hand)
 A - an uncursed ring of protection from cold
Wands
 s - a wand of scattershot (2)
Scrolls
 e - a scroll of remove curse
 j - 2 scrolls of random uselessness {unknown}
 r - a scroll of immolation {unknown}
 w - a scroll of identify {unknown}
 y - a scroll of enchant weapon {unknown}
 B - a scroll of fear {unknown}
 C - a scroll of fog {unknown}
 D - a scroll of amnesia {unknown}
Potions
 g - a potion of flight {unknown}
 m - 3 potions of haste
 o - 2 potions of invisibility {unknown}
 p - a potion of agility {unknown}
 q - a potion of heal wounds {unknown}
 v - a potion of ambrosia {unknown}
Books
 E - a manual of Dodging
Comestibles
 f - 9 rations
 z - 2 chunks of flesh


   Skills:
 + Level 4.6 Fighting
 + Level 4.7 Long Blades
 - Level 1.7 Throwing
 + Level 4.7 Dodging
 + Level 4.1 Stealth


You had 6 spell levels left.
You didn't know any spells.
Your spell library was empty.

Dungeon Overview and Level Annotations

Branches:
Dungeon (6/15)
 Temple: D:4-7

Altars:
Ashenzari
Okawaru
Qazlal
Xom
Yredelemnul

Annotations:
D:5 Ijyb


Innate Abilities, Weirdness & Mutations

You are mostly covered in molten scales. (AC +3)


Message History

Ijyb closely misses you.
You hit Ijyb but do no damage.
Ijyb is lightly wounded.
Ijyb barely misses you.
You hit Ijyb but do no damage.
Ijyb is lightly wounded.
Ijyb closely misses you.
You hit Ijyb but do no damage.
Ijyb is lightly wounded.
Ijyb zaps a wand.
The bolt of acid misses you.
You hit Ijyb.
Ijyb is moderately wounded.
Ijyb zaps a wand.
The bolt of acid misses you.
You completely miss Ijyb.
Ijyb is moderately wounded.
Ijyb barely misses you.
You hit Ijyb but do no damage.
Ijyb is moderately wounded.
Ijyb zaps a wand.
The bolt of acid hits you!!
You die...

##.#####...#####....###
## #...#........#
###............#
###..............#
####...............##
.#.................##
.........>.........#
..................##
......g@.........##
................##
..............###
......!......##
#......?....##
##............
##...##....... ####
#.....#. . ... .


You could see Ijyb.

Vanquished Creatures
  2 hippogriffs (D:4)
  A centaur (D:4)
  An orc priest (D:4)
  2 hounds
  An orc wizard (D:4)
  A bullfrog skeleton (D:5)
  2 worker ants (D:4)
  9 adders
  An ooze (D:3)
  2 adder skeletons
  A worm (D:4)
  A dart slug (D:3)
  5 leopard geckos
  9 orcs
  2 ball pythons (D:1)
  7 giant cockroaches
  9 goblins
  7 hobgoblins
  7 kobolds
  4 quokkas
  15 bats
  3 frilled lizards
  2 leopard gecko skeletons (D:4)
  A quokka skeleton (D:4)
  8 rats
103 creatures vanquished.

Notes
Turn   | Place    | Note
-------+----------+-------------------------------------------
     0 | D:1      | Erk the Demonspawn Gladiator began the quest for the Orb.
     0 | D:1      | Reached XP level 1. HP: 16/16 MP: 1/1
   112 | D:1      | Gained mutation: You are partially covered in molten
                  | scales. (AC +2) [demonic ancestry]
   112 | D:1      | Reached XP level 2. HP: 18/22 MP: 2/2
   206 | D:1      | Reached skill level 1 in Stealth
   660 | D:1      | Reached XP level 3. HP: 28/28 MP: 3/3
  1016 | D:2      | Found a shimmering altar of Xom.
  1189 | D:2      | Found a stormy altar of Qazlal.
  1807 | D:3      | Gained mutation: You are mostly covered in molten scales.
                  | (AC +3) [demonic ancestry]
  1807 | D:3      | Reached XP level 4. HP: 23/34 MP: 4/4
  2175 | D:4      | Noticed a hippogriff
  2178 | D:4      | Noticed a hippogriff
  2636 | D:3      | Reached XP level 5. HP: 41/41 MP: 5/5
  2660 | D:3      | Found an iron altar of Okawaru.
  2980 | D:4      | Killed a hippogriff
  2980 | D:4      | Reached XP level 6. HP: 15/47 MP: 6/6
  3343 | D:4      | Killed a hippogriff
  3343 | D:4      | Reached XP level 7. HP: 22/55 MP: 7/7
  3715 | D:5      | Entered Level 5 of the Dungeon
  3812 | D:4      | Found a basalt altar of Yredelemnul.
  3888 | D:4      | Found a shattered altar of Ashenzari.
  3897 | D:4      | Became a worshipper of Ashenzari the Shackled
  4162 | D:5      | Noticed Ijyb
  4178 | D:5      | Killed from afar by Ijyb

Levels and vault maps discovered:
D:1:      nagdon_arrival_zigzag_paths, layout_basic
D:2:      layout_basic, nicolae_overflow_crystal_walls, grunt_qazlal_sundering,
          first_ration, st_stairs_12
D:3:      layout_basic, okawaru_ov_weapons_minmay
D:4:      layout_rooms, yredelemnul_altar_generic, old_standard_altar,
          minmay_manual_maat
D:5:      layout_cave_pods, uniq_ijyb
D:6:      layout_basic, gammafunk_ghost_necromancy, serial_shops, shop

Skill      XL: |  1  2  3  4  5  6  7 |
---------------+----------------------+-----
Stealth        | 1 2 3 4 |  4.1
Long Blades    | 3 4 |  4.7
Dodging        | 3 4 |  4.7
Fighting       | 3 4 |  4.6
Throwing       | |  1.7

Action                   |  1- 3 |  4- 6 |  7- 9 || total
-------------------------+-------+-------+-------++-------
Melee: Long sword        |    52 |       |       ||    52
       Short sword       |    72 |   173 |   107 ||   352
Throw: Dart              |       |       |     8 ||     8
Invok: Curse Item        |       |       |     5 ||     5
 Abil: Evoke Flight      |     2 |       |       ||     2
Evoke: Wand              |       |     4 |       ||     4
 Stab: Sleeping          |     1 |       |       ||     1
  Eat: Chunk             |     3 |     5 |     3 ||    11
Armor: Leather armour    |    10 |       |       ||    10
       Ring mail         |    31 |       |       ||    31
       Scale mail        |    13 |   106 |    65 ||   184
Dodge: Dodged            |   103 |   119 |    60 ||   282
       Rpst.: Long sword |    25 |       |       ||    25

Table legend:
 A = Non-vault XP
 B = Vault XP
 C = Vault XP percentage of total XP
 D = Non-vault monster count
 E = Vault monster count
 F = Vault count percentage of total count
                 A         B        C        D         E       F
            +---------+---------+-------+---------+---------+-------
      Total |     561 |     622 |  52.6 |      99 |       4 |   3.9
            +---------+---------+-------+---------+---------+-------
        D:1 |      47 |       0 |   0.0 |      29 |       0 |   0.0
        D:2 |      26 |       2 |   7.1 |      14 |       1 |   6.7
        D:3 |     125 |       0 |   0.0 |      29 |       0 |   0.0
        D:4 |     259 |     620 |  70.5 |      21 |       3 |  12.5
        D:5 |     104 |       0 |   0.0 |       6 |       0 |   0.0
            +---------+---------+-------+---------+---------+-------
